 Dungeon Crawl Stone Soup version 0.30.1-1-g62c8e00024 (webtiles) character file.

Game seed: 8793508111338213773

627 booth the Chopper (level 7, -4/56 HPs)
             Began as a Gnoll Reaver on July 17, 2023.
             Slain by a gnoll sergeant
             ... wielding a +2 heavy trident
              (10 damage)
             ... on level 5 of the Dungeon.
             The game lasted 00:32:30 (4995 turns).

booth the Chopper (Gnoll Reaver)                    Turns: 4995, Time: 00:32:31

Health: -4/56      AC:  5    Str: 13    XL:     7   Next: 48%
Magic:  15/15      EV: 26    Int: 13    God:
Gold:   69         SH:  0    Dex: 10    Spells: 4/17 levels left

rFire   . . .        m - +2 hand axe (freeze)
rCold   . . .        (no shield)
rNeg    . . .        s - +0 ring mail
rPois   .            (no helmet)
rElec   .            (no cloak)
rCorr   .            (no gloves)
SInv    .            (no boots)
Will    .....        i - amulet of the acrobat
Stlth   +            (no ring)
HPRegen 0.29/turn    (no ring)
MPRegen 0.14/turn

%: acrobat
@: about to teleport, acrobatic
A: fangs 1, strong nose, distributed training
a: no special abilities


You were on level 5 of the Dungeon.
You visited 1 branch of the dungeon, and saw 5 of its levels.

You collected 314 gold pieces.
You spent 245 gold pieces at shops.

Inventory:

Hand Weapons
 h - a +0 heavy war axe
 m - a +2 hand axe of freezing (weapon)
 n - a +0 flail
Missiles
 a - 5 javelins
 d - 6 boomerangs
 r - 7 poisoned darts (quivered)
Armour
 b - a +1 leather armour
 s - a +0 ring mail (worn)
Jewellery
 i - an amulet of the acrobat (around neck)
 k - a ring of ice
Wands
 o - a wand of digging (2)
Scrolls
 c - 3 scrolls of blinking
 g - 2 scrolls of amnesia
 j - 2 scrolls of teleportation
 l - a scroll of identify
 p - 2 scrolls of enchant armour
Potions
 e - 3 potions of lignification
 f - a potion of brilliance
 t - 2 potions of curing


   Skills:
 + Level 5.3 Fighting
 + Level 2.6 Short Blades
 + Level 2.6 Long Blades
 + Level 7.1 Axes
 + Level 2.6 Maces & Flails
 + Level 2.6 Polearms
 + Level 2.6 Staves
 + Level 2.6 Ranged Weapons
 + Level 2.6 Throwing
 + Level 2.6 Armour
 + Level 5.3 Dodging
 + Level 2.6 Stealth
 + Level 2.6 Shields
 + Level 2.6 Unarmed Combat
 + Level 5.7 Spellcasting
 + Level 5.9 Conjurations
 + Level 2.1 Hexes
 + Level 2.1 Summonings
 + Level 2.1 Necromancy
 + Level 2.1 Translocations
 + Level 2.1 Transmutations
 + Level 2.1 Fire Magic
 + Level 2.1 Ice Magic
 + Level 2.1 Air Magic
 + Level 2.1 Earth Magic
 + Level 2.1 Poison Magic
 + Level 2.9 Invocations
 + Level 2.6 Evocations


You had 4 spell levels left.
You knew the following spells:

 Your Spells              Type           Power      Damage    Failure   Level
a - Kiss of Death         Conj/Necr      56%        2d9       7%          1
b - Momentum Strike       Conj/Tloc      28%        3d8       11%         2
c - Hailstorm             Conj/Ice       14%        3d5       21%         3
d - Magic Dart            Conj           76%        1d6       3%          1
e - Stone Arrow           Conj/Erth      28%        3d8       21%         3
f - Mephitic Cloud        Conj/Pois/Air  12%        N/A       26%         3

Your spell library contained the following spells:

 Spells                   Type           Power      Damage    Failure   Level
 Call Imp                 Summ           18%        N/A       22%         2
 Animate Armour           Summ/Erth      18%        N/A       83%         4
 Ice Form                 Ice/Tmut       9%         N/A       83%         4
 Simulacrum               Ice/Necr       4%         N/A       100%        6
 Lehudib's Crystal Spear  Conj/Erth      7%         10d3      100%        8


Dungeon Overview and Level Annotations

Branches:
Dungeon (5/15)
 Temple: D:4-7

Altars:
Dithmenos
Elyvilon
Ru

Shops:
D:5 ?


Innate Abilities, Weirdness & Mutations

You have very sharp teeth.
Your uncanny sense of smell can sniff out nearby items.
Your experience applies equally to all skills.


Message History

The gnoll sergeant closely misses you.
You completely miss the gnoll sergeant.
The gnoll sergeant is moderately wounded.
You hit the gnoll sergeant. You freeze the gnoll sergeant.
The gnoll sergeant is heavily wounded.
The gnoll sergeant hits you with a +2 heavy trident!
You hit the gnoll sergeant but do no damage.
The gnoll sergeant is heavily wounded.
The gnoll sergeant hits you with a +2 heavy trident!!
You hit the gnoll sergeant but do no damage.
The gnoll sergeant is heavily wounded.
You barely miss the gnoll sergeant.
The gnoll sergeant is heavily wounded.
The gnoll sergeant barely misses you.
Throw: 9 darts (poison)
Press: ? - help, Q - select action, (/) - cycle Shift-Dir - straight line, f - gnoll sergeant
Aim: a gnoll sergeant, wielding a +2 heavy trident and wearing a +0 ring mail (heavily wounded, 67% to hit)
You throw a poisoned dart.
The poisoned dart closely misses the gnoll sergeant.
The gnoll barely misses you. The gnoll sergeant misses you.
Throw: 8 darts (poison)
Press: ? - help, Q - select action, (/) - cycle Shift-Dir - straight line, f - gnoll, p - gnoll sergeant
Aim: a gnoll, wielding a +0 spear (63% to hit)
You throw a poisoned dart.
The poisoned dart hits the gnoll sergeant.
The gnoll sergeant is heavily wounded.
The gnoll hits you from afar with a +0 spear.
* * * LOW HITPOINT WARNING * * *
As you read the scroll of teleportation, it crumbles to dust.
You feel strangely unstable. The gnoll sergeant barely misses you.
The gnoll hits you from afar with a +0 spear.
* * * LOW HITPOINT WARNING * * *
You barely miss the gnoll sergeant. Your bite misses the gnoll sergeant.
The gnoll sergeant is heavily wounded.
The gnoll hits you from afar with a +0 spear.
* * * LOW HITPOINT WARNING * * *
The gnoll sergeant attacks as you move away!
The gnoll sergeant barely misses you.
The gnoll sergeant hits you from afar with a +2 heavy trident!
You die...

.#.#.#.#.#.## #.###.#.....#.##
#.#.#.#.#.#.# #.. #...#.).#...#
.#.#.#.#.#.#####.. #...#####...#
#.#.#.#.#.#...##.. #...#...#...#
.#.#.#.#.#.##.###.###.#.....#.###
#.#.#.#.#.#.#...##. .###..)###...
.#.#.#.#.#.###.##. .. #.###.#....
#.#.#.#.#.#.##.#.# ..#...#?..#...
.#.#.#.#.#.###..@#####...#.†)####
#.#.#.#.#.#.####.#...#...#..)#...
.#.#.#.#.#.## ##gg...#.###.#....
#.#.#.#.#.#.# ####g..###...###...
####.##.#######.#.###.#)...g#.###
#.##.## ##.#...#...#...#...#.
##.#...####<.#...#...#####...#.
#.........'..#..[#...# #...#.
#..#...####...#.###.#.....#.###


You could see a gnoll sergeant and a gnoll.

Vanquished Creatures
  3 phantoms
  A kobold brigand (D:5)
  Blork the orc (D:4)
  A hound (D:5)
  A jelly (D:5)
  6 gnolls
  5 adders
  An ufetubus (D:5)
  3 worms
  A dart slug (D:1)
  7 orcs (D:3)
  6 bats
  6 endoplasms
  5 giant cockroaches
  4 goblins
  6 hobgoblins
  9 jackals
  4 quokkas
  3 ball pythons
  6 frilled lizards
  9 kobolds
  5 rats
93 creatures vanquished.

Notes
Turn   | Place    | Note
-------+----------+-------------------------------------------
     0 | D:1      | booth the Gnoll Reaver began the quest for the Orb.
     0 | D:1      | Reached XP level 1. HP: 20/20 MP: 6/6
   156 | D:1      | Reached XP level 2. HP: 8/26 MP: 7/7
   477 | D:1      | Learned a level 2 spell: Momentum Strike
   557 | D:1      | Found a faded altar of an unknown god.
   635 | D:1      | Reached skill level 5 in Spellcasting
   635 | D:1      | Reached XP level 3. HP: 31/31 MP: 7/9
   639 | D:1      | Learned a level 3 spell: Hailstorm
   990 | D:2      | Reached skill level 1 in Invocations
  1219 | D:2      | Reached skill level 1 in Short Blades
  1219 | D:2      | Reached skill level 1 in Long Blades
  1219 | D:2      | Reached skill level 1 in Maces & Flails
  1219 | D:2      | Reached skill level 1 in Polearms
  1219 | D:2      | Reached skill level 1 in Staves
  1219 | D:2      | Reached skill level 1 in Ranged Weapons
  1219 | D:2      | Reached skill level 1 in Throwing
  1219 | D:2      | Reached skill level 1 in Armour
  1219 | D:2      | Reached skill level 1 in Stealth
  1219 | D:2      | Reached skill level 1 in Shields
  1219 | D:2      | Reached skill level 1 in Unarmed Combat
  1219 | D:2      | Reached skill level 1 in Evocations
  1305 | D:2      | Reached XP level 4. HP: 28/38 MP: 11/11
  1324 | D:2      | Reached skill level 1 in Hexes
  1324 | D:2      | Reached skill level 1 in Summonings
  1324 | D:2      | Reached skill level 1 in Necromancy
  1324 | D:2      | Reached skill level 1 in Translocations
  1324 | D:2      | Reached skill level 1 in Transmutations
  1324 | D:2      | Reached skill level 1 in Fire Magic
  1324 | D:2      | Reached skill level 1 in Ice Magic
  1324 | D:2      | Reached skill level 1 in Air Magic
  1324 | D:2      | Reached skill level 1 in Earth Magic
  1324 | D:2      | Reached skill level 1 in Poison Magic
  1596 | D:3      | You fall into a shaft and drop 1 floor!
  2703 | D:3      | Reached XP level 5. HP: 36/43 MP: 12/12
  2705 | D:3      | Learned a level 1 spell: Magic Dart
  2709 | D:3      | Learned a level 3 spell: Stone Arrow
  3221 | D:4      | Found a white marble altar of Elyvilon.
  3226 | D:4      | Found a shadowy altar of Dithmenos.
  3226 | D:4      | Found a sacrificial altar of Ru.
  3441 | D:4      | Noticed a phantom
  3463 | D:4      | Killed a phantom
  3464 | D:4      | Reached XP level 6. HP: 9/50 MP: 13/13
  3744 | D:4      | Noticed Blork the orc
  3763 | D:4      | Killed Blork the orc
  3764 | D:4      | Reached skill level 5 in Fighting
  3764 | D:4      | Reached skill level 5 in Dodging
  3980 | D:5      | Entered Level 5 of the Dungeon
  4053 | D:5      | Found Pokusmeu's Magic Scroll Emporium.
  4059 | D:5      | Bought a scroll of teleportation for 42 gold pieces
  4059 | D:5      | Bought a scroll of identify for 28 gold pieces
  4059 | D:5      | Bought a scroll of teleportation for 42 gold pieces
  4059 | D:5      | Bought a scroll of brand weapon for 133 gold pieces
  4377 | D:5      | HP: 1/44 [gnoll sergeant/+2 heavy trident (16)]
  4557 | D:5      | Reached skill level 7 in Axes
  4557 | D:5      | Reached XP level 7. HP: 38/54 MP: 15/15
  4567 | D:5      | Learned a level 3 spell: Mephitic Cloud
  4995 | D:5      | Slain by a gnoll sergeant

Illustrated notes

Levels and vault maps discovered:
D:1:      tarquinn_simple_flora_water_e, layout_loops_cross,
          shapermc_ecumenical_altar_hornbeckon, minmay_misc_feat_roman
D:2:      layout_rooms
D:3:      layout_basic
D:4:      layout_basic, grunt_temple_overflow_open, uniq_blork_the_orc
D:5:      nicolae_cairo_tiling, layout_loops_corners,
          gammafunk_temple_overflow_statue, serial_shops, shop, minivault_23

Skill      XL: |  1  2  3  4  5  6  7 |
---------------+----------------------+-----
Spellcasting   | 5 |  5.7
Invocations    | 1 2 |  2.9
Short Blades   | 1 2 |  2.6
Long Blades    | 1 2 |  2.6
Maces & Flails | 1 2 |  2.6
Polearms       | 1 2 |  2.6
Staves         | 1 2 |  2.6
Ranged Weapons | 1 2 |  2.6
Throwing       | 1 2 |  2.6
Armour         | 1 2 |  2.6
Stealth        | 1 2 |  2.6
Shields        | 1 2 |  2.6
Unarmed Combat | 1 2 |  2.6
Evocations     | 1 2 |  2.6
Hexes          | 1 2 |  2.1
Summonings     | 1 2 |  2.1
Necromancy     | 1 2 |  2.1
Translocations | 1 2 |  2.1
Transmutations | 1 2 |  2.1
Fire Magic     | 1 2 |  2.1
Ice Magic      | 1 2 |  2.1
Air Magic      | 1 2 |  2.1
Earth Magic    | 1 2 |  2.1
Poison Magic   | 1 2 |  2.1
Fighting       | 5 |  5.3
Dodging        | 5 |  5.3
Axes           | 7 |  7.1
Conjurations   | |  5.9

Action                     |  1- 3 |  4- 6 |  7- 9 || total
---------------------------+-------+-------+-------++-------
  Melee: Hand axe          |   108 |   249 |    52 ||   409
         Bite              |     6 |    30 |     2 ||    38
         Punch             |     2 |     3 |       ||     5
  Throw: Boomerang         |       |     8 |       ||     8
         Dart              |       |     7 |    11 ||    18
   Cast: Kiss of Death     |       |     2 |       ||     2
         Hailstorm         |       |     1 |       ||     1
    Use: Scroll            |     2 |     8 |     1 ||    11
         Potion            |     1 |     2 |     1 ||     4
   Stab: Sleeping          |     1 |     1 |       ||     2
 Armour: Leather armour    |    17 |    43 |       ||    60
         Ring mail         |       |     4 |    15 ||    19
  Dodge: Dodged            |    54 |   158 |    22 ||   234
